AoeStats
← 觅桃豚

Arena

510748729Analyzed
4v4 RM · 12h ago on Oct 2, 2026· 46m 23s· 8 players
Game mode
Random Map
Map size
Large (8 player)
Population
200
Speed
Normal
Resources
Standard
Victory
Conquest
Starting age
Dark Age
Ending age
Imperial Age
RankedLock teamsTeams togetherTeam positionsShared explorationLock speedFull tech treeHidden civsTurbo modeCheats
Victory
Defeat
🇨🇳 Burgundians · China
872
+14
🇨🇳 Persians · China
856
+15
🇨🇳 Vietnamese · China
809
+17
🇮🇹 Celts · Italy
715
+20
🇲🇽 Portuguese · Mexico
879
-19
🇦🇷 Vietnamese · Argentina
825
-19
🇲🇽 Wu · Mexico
797
-15
🇷🇺 Persians · Russia
795
-15
iDaniielo :v
0:30 Loom
12:29 Feudal Age
13:50 Wheelbarrow
13:05 Double-Bit Axe
13:04 Horse Collar
17:54 Gold Mining
22:35 Castle Age
21:52 Stone Mining
23:38 Hand Cart
34:20 Imperial Age
32:04 Caravan
33:50 Ballistics
33:26 Murder Holes
34:28 Town Watch
35:20 Town Patrol
36:02 Heavy Hei Guang Cavalry
36:43 Husbandry
36:54 Bloodlines
36:59 Forging
36:40 Fletching
36:50 Padded Archer Armor
36:56 Scale Barding Armor
37:13 Bow Saw
39:49 Red Cliffs Tactics
39:49 Sitting Tiger
40:10 Conscription
40:20 Conscription
40:08 Elite Fire Archer
43:14 Iron Casting
42:35 Bodkin Arrow
42:55 Leather Archer Armor
diossnefru1
0:31 Loom
11:42 Feudal Age
13:03 Wheelbarrow
12:15 Double-Bit Axe
13:36 Horse Collar
22:34 Castle Age
20:30 Stone Mining
23:42 Hand Cart
24:30 Heavy Plow
26:28 Stone Shaft Mining
26:13 Bow Saw
26:08 Caravan
26:18 Gold Mining
33:54 Imperial Age
31:55 Padded Archer Armor
32:06 Forging
32:30 Treadmill Crane
33:26 Masonry
35:36 Chemistry
35:08 Architecture
34:56 Leather Archer Armor
34:32 Fletching
36:27 Two-Man Saw
35:50 Ballistics
37:06 Conscription
37:38 Siege Engineers
39:16 Pikeman
39:42 Arson
41:54 Ring Archer Armor
41:19 Bodkin Arrow
42:00 Iron Casting
41:25 Scale Mail Armor
42:16 Halberdier
cronathor
14:21 Feudal Age
18:10 Castle Age
16:28 Double-Bit Axe
21:43 Wheelbarrow
21:56 Wheelbarrow
21:56 Gold Mining
21:59 Stone Mining
26:02 Hand Cart
26:16 Forging
26:14 Scale Barding Armor
26:33 Town Watch
27:46 Bow Saw
31:24 Iron Casting
31:42 Husbandry
32:23 Bloodlines
32:42 Chain Barding Armor
33:05 Crossbowman
33:52 Thumb Ring
37:38 Imperial Age
36:51 Fletching
37:02 Padded Archer Armor
37:57 Stone Shaft Mining
38:40 Paper Money
38:18 Arbalester
43:29 Elite Skirmisher
Dendoshi
11:49 Feudal Age
12:19 Double-Bit Axe
18:49 Castle Age
18:38 Bloodlines
19:23 Husbandry
19:35 Squires
21:42 Gold Mining
24:35 Town Watch
27:19 Wheelbarrow
30:36 Imperial Age
LOLLYCT 85
10:40 Feudal Age
15:06 Castle Age
24:33 Horse Collar
24:45 Double-Bit Axe
25:34 Heavy Plow
26:00 Bow Saw
26:25 Gold Mining
28:29 Wheelbarrow
29:25 Hand Cart
33:06 Imperial Age
33:10 Arson
33:11 Gambesons
32:48 Pikeman
33:28 Heavy Mounted Crossbowman
35:31 Fletching
35:42 Padded Archer Armor
35:53 Forging
35:44 Scale Mail Armor
35:50 Scale Barding Armor
35:28 Heavy Scorpion
39:03 Bodkin Arrow
39:24 Leather Archer Armor
41:10 Chemistry
41:19 Furor Celtica
41:02 Stronghold
41:34 Conscription
44:46 Ring Archer Armor
499557901
10:41 Feudal Age
12:33 Loom
16:16 Castle Age
15:35 Double-Bit Axe
17:28 Horse Collar
21:25 Bow Saw
24:21 Stone Mining
24:31 Gold Mining
25:34 Heavy Plow
30:23 Stone Shaft Mining
33:08 Imperial Age
32:45 Wheelbarrow
31:55 Town Watch
32:16 Husbandry
32:27 Bloodlines
32:41 Scale Barding Armor
32:47 Forging
33:32 Hand Cart
35:44 Chatras
35:44 Elite Battle Elephant
37:12 Chain Barding Armor
37:28 Iron Casting
42:52 Plate Barding Armor
xporx57248
0:32 Loom
11:38 Feudal Age
16:01 Castle Age
14:20 Double-Bit Axe
16:51 Bow Saw
16:23 Horse Collar
17:08 Heavy Plow
22:38 Wheelbarrow
23:35 Gold Mining
23:40 Stone Mining
24:49 Hand Cart
28:34 Forging
28:30 Scale Barding Armor
31:34 Imperial Age
30:13 Gold Shaft Mining
30:16 Stone Shaft Mining
31:16 Iron Casting
32:28 Crop Rotation
33:01 Two-Man Saw
32:29 Conscription
34:02 Blast Furnace
33:23 Chain Barding Armor
32:48 Elite War Elephant
33:54 Caravan
34:25 Coinage
34:37 Husbandry
34:52 Bloodlines
35:23 Cavalier
37:32 Banking
37:13 Guilds
41:44 Savar
44:08 Plate Barding Armor
觅桃豚
11:10 Feudal Age
10:16 Double-Bit Axe
10:13 Horse Collar
18:02 Castle Age
20:15 Scale Barding Armor
22:04 Forging
23:15 Fletching
29:17 Gold Mining
32:53 Gold Shaft Mining
35:25 Iron Casting
35:10 Chain Barding Armor
37:14 Burgundian Vineyards
37:40 Stone Mining
37:37 Loom
40:23 Imperial Age
41:38 Stone Shaft Mining
41:40 Wheelbarrow
40:51 Town Watch
42:13 Plate Barding Armor
42:00 Conscription
41:42 Heavy Plow
41:54 Bow Saw
41:28 Elite Coustillier
46:06 Blast Furnace
45:26 Hand Cart
45:12 Town Patrol
46:15 Two-Man Saw
45:47 Crop Rotation
Connection lost

Rejoining the realm…

Still unreachable

The connection could not be restored.

Session expired

The server has moved on; the page needs a fresh start.